IL
SCRANTON WB RAILRIDERS @ SYRACUSE CHIEFS
06/11/2099
 
TOP OF THE 1ST
Scranton WB RailRiders batting - Pitching for Syracuse Chiefs : RHP Jesus Naar
Pitching: RHP Jesus Naar
Batting: RHB Jared Brown 0-0: Ground out 5-3 (Groundball, 5S, EV 90.6 MPH)
Batting: SHB Ethan Gavin 0-0: Called Strike
0-1: Fly out, F9 (Line Drive, 89M, EV 92.5 MPH)
Batting: LHB Joe Liner 0-0: Ball
1-0: Ground out 4-3 (Groundball, 4, EV 81.9 MPH)
Top of the 1st over - 0 runs, 0 hits, 0 errors, 0 left on base; Scranton WB 0 - Syracuse 0
BOTTOM OF THE 1ST
Syracuse Chiefs batting - Pitching for Scranton WB RailRiders : RHP Joe Long
Pitching: RHP Joe Long
Batting: RHB Ryan Carey 0-0: Called Strike
0-1: Ball
1-1: Ball
2-1: Ground out 5-3 (Groundball, 56, EV 78.1 MPH)
Batting: LHB Tom Monroe 0-0: Ball
1-0: Called Strike
1-1: Foul Ball, location: 7LDF
1-2: Hit by Pitch
Batting: RHB Mike Hoffman 0-0: Called Strike
0-1: Ball
Tom Monroe steals 2nd base
1-1: Ball
2-1: Ball
3-1: Base on Balls
Batting: RHB Omar Flores 0-0: Ball
1-0: Fielders Choice at 2nd, 4-6 (Groundball, 4, EV 81.3 MPH)
Tom Monroe to third
Batting: RHB Kevin Lyons 0-0: Foul Ball, location: 3SF
0-1: Ball
1-1: SINGLE (Groundball, 6, EV 90.0 MPH)
Tom Monroe scores
Omar Flores to second
Batting: RHB Jared White 0-0: Fly out, F8 (Flyball, 8RD, EV 91.9 MPH)
Bottom of the 1st over - 1 run, 1 hit, 0 errors, 2 left on base; Scranton WB 0 - Syracuse 1
TOP OF THE 2ND
Scranton WB RailRiders batting - Pitching for Syracuse Chiefs : RHP Jesus Naar
Batting: LHB John Merryman 0-0: Ball
1-0: SINGLE (Groundball, 34D, EV 97.5 MPH)
Batting: LHB Jesus Canales 0-0: Called Strike
0-1: DOUBLE (Flyball, 89XD, EV 111.9 MPH)
John Merryman to third
Batting: LHB Jose Berumen 0-0: Foul Ball, location: 7LDF
0-1: Ball
1-1: Ball
2-1: Ball
3-1: Foul Ball, location: 23F
3-2: Base on Balls
Batting: RHB David Shamp 0-0: Foul Ball, location: 9LMF
0-1: Foul Ball, location: 9LMF
0-2: Strikes out looking
Batting: LHB David Adler 0-0: Called Strike
0-1: Ball
1-1: Ball
2-1: Ball
3-1: Called Strike
3-2: Foul Ball, location: 2RF
3-2: Foul Ball, location: 5DF
3-2: Fly out, F7 (Flyball, 78D, EV 87.5 MPH)
Runner from 3rd tags up, SCORES, throw by LF
Batting: RHB William Gonzalez 0-0: Called Strike
0-1: Ground out 6-3 (Groundball, 6S, EV 80.6 MPH)
Top of the 2nd over - 1 run, 2 hits, 0 errors, 2 left on base; Scranton WB 1 - Syracuse 1
BOTTOM OF THE 2ND
Syracuse Chiefs batting - Pitching for Scranton WB RailRiders : RHP Joe Long
Batting: RHB Juan Balbuena 0-0: Foul Ball, location: 5SF
0-1: Ball
1-1: Foul Ball, location: 2F
1-2: SINGLE (Line Drive, 56D, EV 94.4 MPH)
Batting: RHB David DeMaio 0-0: Grounds into double play, 6-4-3 (Groundball, 6, EV 93.8 MPH)
Batting: RHB Brandon Blankenship 0-0: Ball
1-0: Fly out, F8 (Flyball, 8RS, EV 83.8 MPH)
Bottom of the 2nd over - 0 runs, 1 hit, 0 errors, 0 left on base; Scranton WB 1 - Syracuse 1
TOP OF THE 3RD
Scranton WB RailRiders batting - Pitching for Syracuse Chiefs : RHP Jesus Naar
Batting: RHB Jared Brown 0-0: Called Strike
0-1: Called Strike
0-2: Ball
1-2: Foul Ball, location: 2F
1-2: Ball
2-2: Ball
3-2: Strikes out looking
Batting: SHB Ethan Gavin 0-0: Called Strike
0-1: Ball
1-1: Ball
2-1: Swinging Strike
2-2: Ground out 6-3 (Groundball, 6, EV 83.1 MPH)
Batting: LHB Joe Liner 0-0: Called Strike
0-1: Ball
1-1: Foul Ball, location: 7LMF
1-2: Ball
2-2: Ground out 6-3 (Groundball, 6, EV 103.1 MPH)
Top of the 3rd over - 0 runs, 0 hits, 0 errors, 0 left on base; Scranton WB 1 - Syracuse 1
BOTTOM OF THE 3RD
Syracuse Chiefs batting - Pitching for Scranton WB RailRiders : RHP Joe Long
Batting: RHB Ryan Carey 0-0: Ball
1-0: Called Strike
1-1: Foul Ball, location: 5F
1-2: Fly out, F7 (Line Drive, 7, EV 85.0 MPH)
Batting: LHB Tom Monroe 0-0: Ball
1-0: Ball
2-0: Ball
3-0: Called Strike
3-1: Base on Balls
Batting: RHB Mike Hoffman 0-0: Ball
Wild Pitch!
Tom Monroe to second
1-0: Foul Ball, location: 3SF
1-1: Called Strike
1-2: Ball
2-2: Ground out 6-3 (Groundball, 6, EV 105.0 MPH)
Tom Monroe to third
Batting: RHB Omar Flores 0-0: SINGLE (Line Drive, 8LS, EV 95.0 MPH)
Tom Monroe scores
Batting: RHB Kevin Lyons 0-0: Ball
1-0: Ball
2-0: Ball
3-0: Base on Balls
Omar Flores to second
Batting: RHB Jared White 0-0: Ball
1-0: SINGLE (Groundball, 56D, EV 104.4 MPH)
Omar Flores to third
Kevin Lyons to second
Runner from 3rd tries for Home, SAFE, throw by LF to home
Batting: RHB Juan Balbuena 0-0: Called Strike
0-1: Called Strike
0-2: Ball
1-2: SINGLE (Line Drive, 78S, EV 90.6 MPH)
Kevin Lyons to third
Jared White to second
Runner from 3rd tries for Home, SAFE, throw by LF to trailing runner, SAFE at third!
Batting: RHB David DeMaio 0-0: Fielders Choice at 2nd, 5-4 (Groundball, 56, EV 103.1 MPH)
Bottom of the 3rd over - 3 runs, 3 hits, 0 errors, 2 left on base; Scranton WB 1 - Syracuse 4
TOP OF THE 4TH
Scranton WB RailRiders batting - Pitching for Syracuse Chiefs : RHP Jesus Naar
Batting: LHB John Merryman 0-0: Ball
1-0: Ball
2-0: SINGLE (Line Drive, 8RS, EV 101.9 MPH)
Batting: LHB Jesus Canales 0-0: Called Strike
John Merryman steals 2nd base
0-1: Ball
1-1: Ball
Passed Ball!
John Merryman to third
2-1: Foul Ball, location: 23F
2-2: Ball
3-2: SINGLE (Line Drive, 6MD, EV 97.5 MPH)
John Merryman scores
Batting: LHB Jose Berumen 0-0: Foul Ball, location: 9LDF
0-1: Fly out, F7 (Flyball, 7, EV 83.8 MPH)
Batting: RHB David Shamp 0-0: SINGLE (Groundball, 4MD, EV 104.4 MPH)
Jesus Canales to second
Batting: LHB David Adler 0-0: Foul Ball, location: 7LMF
0-1: Ball
1-1: Reached on error, E6 (Groundball, 6M, EV 82.5 MPH)
Jesus Canales to third
David Shamp to second
Batting: RHB William Gonzalez 0-0: Ball
Wild Pitch!
Jesus Canales scores
David Shamp to third
David Adler to second
1-0: Called Strike
1-1: Fly out, F9 (Flyball, 89S, EV 88.8 MPH)
Batting: RHB Jared Brown 0-0: Ball
1-0: Foul Ball, location: 5F
1-1: Ground out 4-3 (Groundball, 4, EV 76.9 MPH)
Top of the 4th over - 2 runs, 3 hits, 1 error, 2 left on base; Scranton WB 3 - Syracuse 4
BOTTOM OF THE 4TH
Syracuse Chiefs batting - Pitching for Scranton WB RailRiders : RHP Joe Long
Batting: RHB Brandon Blankenship 0-0: Ground out U3 (Groundball, 34S, EV 80.0 MPH)
Batting: RHB Ryan Carey 0-0: Ball
1-0: SINGLE (Groundball, 4MD, EV 98.1 MPH)
Batting: LHB Tom Monroe 0-0: SINGLE (Line Drive, 4D, EV 100.0 MPH)
Ryan Carey to second
Ryan Carey to third
Batting: RHB Mike Hoffman 0-0: Foul Ball, location: 2F
0-1: Ball
1-1: Called Strike
1-2: Foul Ball, location: 9LMF
1-2: Fielders Choice at 2nd, 6-4 (Groundball, 6, EV 85.6 MPH)
Ryan Carey scores
Batting: RHB Omar Flores 0-0: Ball
1-0: SINGLE (Groundball, 4MS, EV 69.4 MPH) (infield hit)
Mike Hoffman to second
Batting: RHB Kevin Lyons 0-0: Fly out, F8 (Flyball, 8LS, EV 91.3 MPH)
Bottom of the 4th over - 1 run, 3 hits, 0 errors, 2 left on base; Scranton WB 3 - Syracuse 5
TOP OF THE 5TH
Scranton WB RailRiders batting - Pitching for Syracuse Chiefs : RHP Jesus Naar
Batting: SHB Ethan Gavin 0-0: Ball
1-0: Called Strike
1-1: Called Strike
1-2: Strikes out swinging
Batting: LHB Joe Liner 0-0: Called Strike
0-1: Foul Ball, location: 2F
0-2: SINGLE (Groundball, 6MS, EV 71.3 MPH) (infield hit)
Batting: LHB John Merryman 0-0: Called Strike
0-1: Ball
1-1: Called Strike
Joe Liner steals 2nd base
1-2: SINGLE (Flyball, 8LS, EV 88.8 MPH)
Joe Liner to third
Runner from 3rd tries for Home, SAFE, throw by CF to home
Batting: LHB Jesus Canales 0-0: Ball
1-0: Swinging Strike
1-1: Ball
2-1: Ball
3-1: Called Strike
3-2: Foul Ball, location: 25FF
3-2: Strikes out swinging
Batting: LHB Jose Berumen 0-0: Ball
1-0: Foul Ball, location: 2LF
1-1: Fielders Choice at 2nd, 5-4 (Groundball, 5L, EV 86.3 MPH)
Top of the 5th over - 1 run, 2 hits, 0 errors, 1 left on base; Scranton WB 4 - Syracuse 5
BOTTOM OF THE 5TH
Syracuse Chiefs batting - Pitching for Scranton WB RailRiders : RHP Joe Long
Batting: RHB Jared White 0-0: Ball
1-0: Swinging Strike
1-1: Foul Ball, location: 7LDF
1-2: DOUBLE (Flyball, 78D, EV 109.4 MPH)
Batting: RHB Juan Balbuena 0-0: Ball
1-0: Ball
2-0: Called Strike
2-1: Ground out 4-3 (Groundball, 34D, EV 100.0 MPH)
Jared White to third
Batting: RHB David DeMaio 0-0: Fly out, F7 (Line Drive, 7S, EV 97.5 MPH)
Batting: RHB Brandon Blankenship 0-0: Swinging Strike
0-1: Ball
1-1: Called Strike
1-2: Ball
2-2: Ball
3-2: Foul Ball, location: 3FF
3-2: Base on Balls
Batting: RHB Ryan Carey 0-0: Called Strike
0-1: Called Strike
0-2: Foul Ball, location: 5FF
0-2: Foul Ball, location: 9LMF
0-2: Ball
1-2: 3-RUN HOME RUN (Flyball, 7D, EV 96.3 MPH), Distance : 374 ft
Pitching: RHP Jaylen Allen
Batting: LHB Tom Monroe 0-0: Foul Ball, location: 25F
0-1: Foul Ball, location: 2F
0-2: Ball
1-2: Ball
2-2: Ball
3-2: Fly out, F5 (Line Drive, 56D, EV 67.5 MPH)
Bottom of the 5th over - 3 runs, 2 hits, 0 errors, 0 left on base; Scranton WB 4 - Syracuse 8
TOP OF THE 6TH
Scranton WB RailRiders batting - Pitching for Syracuse Chiefs : RHP Jesus Naar
Batting: RHB David Shamp 0-0: Ball
1-0: SINGLE (Groundball, 34D, EV 106.3 MPH)
Batting: LHB David Adler 0-0: Swinging Strike
0-1: Ball
1-1: Called Strike
1-2: Ball
2-2: Foul Ball, location: 2F
2-2: Strikes out looking
Batting: RHB William Gonzalez 0-0: Fly out, F8 (Flyball, 78S, EV 97.5 MPH)
Batting: RHB Jared Brown 0-0: Called Strike
0-1: Foul Ball, location: 2F
0-2: Strikes out swinging
Top of the 6th over - 0 runs, 1 hit, 0 errors, 1 left on base; Scranton WB 4 - Syracuse 8
BOTTOM OF THE 6TH
Syracuse Chiefs batting - Pitching for Scranton WB RailRiders : RHP Jaylen Allen
Batting: RHB Mike Hoffman 0-0: Called Strike
0-1: Ball
1-1: Ball
2-1: Ball
3-1: Base on Balls
Batting: RHB Omar Flores 0-0: Ball
1-0: Ball
2-0: Ball
3-0: Called Strike
3-1: Foul Ball, location: 23F
3-2: Base on Balls
Mike Hoffman to second
Batting: RHB Kevin Lyons 0-0: Ball
1-0: Foul Ball, location: 9LSFF
1-1: Foul Ball, location: 5FF
1-2: Ball
2-2: Ball
3-2: Strikes out looking
Batting: RHB Jared White 0-0: Ball
1-0: Swinging Strike
1-1: Fly out, F9 (Flyball, 89M, EV 93.8 MPH)
Batting: RHB Juan Balbuena 0-0: 3-RUN HOME RUN (Flyball, 7LD, EV 96.9 MPH), Distance : 352 ft
Batting: RHB David DeMaio 0-0: Ball
1-0: Called Strike
1-1: Fly out, F7 (Line Drive, 7D, EV 91.3 MPH)
Bottom of the 6th over - 3 runs, 1 hit, 0 errors, 0 left on base; Scranton WB 4 - Syracuse 11
TOP OF THE 7TH
Scranton WB RailRiders batting - Pitching for Syracuse Chiefs : RHP Jesus Naar
Batting: SHB Ethan Gavin 0-0: Called Strike
0-1: Foul Ball, location: 5SF
0-2: Ball
1-2: Foul Ball, location: 9LMF
1-2: DOUBLE (Line Drive, 89D, EV 107.5 MPH)
Batting: LHB Joe Liner 0-0: Ball
1-0: Foul Ball, location: 25FF
1-1: Swinging Strike
1-2: Hit by Pitch
Batting: LHB John Merryman 0-0: Called Strike
0-1: 3-RUN HOME RUN (Flyball, 7D, EV 98.1 MPH), Distance : 353 ft
Pitching: LHP Shane Phillips
Batting: LHB Jesus Canales 0-0: Called Strike
0-1: SOLO HOME RUN (Flyball, 8RXD, EV 106.9 MPH), Distance : 443 ft
Batting: LHB Jose Berumen 0-0: Called Strike
0-1: Ball
1-1: Ball
2-1: Foul Ball, location: 23F
2-2: Ball
3-2: Base on Balls
Batting: RHB David Shamp 0-0: Grounds into double play, 5-4-3 (Groundball, 56, EV 100.6 MPH)
Batting: LHB David Adler 0-0: Ball
1-0: Ground out 4-3 (Groundball, 4, EV 105.6 MPH)
Top of the 7th over - 4 runs, 3 hits, 0 errors, 0 left on base; Scranton WB 8 - Syracuse 11
BOTTOM OF THE 7TH
Syracuse Chiefs batting - Pitching for Scranton WB RailRiders : RHP Jaylen Allen
Pitching: LHP Jaylen Cox
Batting: RHB Brandon Blankenship 0-0: Ball
1-0: Called Strike
1-1: Foul Ball, location: 25F
1-2: Strikes out swinging
Batting: RHB Ryan Carey 0-0: Ball
1-0: Called Strike
1-1: Ground out 3-1 (Groundball, 34, EV 85.0 MPH)
Batting: LHB Tom Monroe 0-0: Called Strike
0-1: Ball
1-1: Called Strike
1-2: Ball
2-2: Strikes out swinging
Bottom of the 7th over - 0 runs, 0 hits, 0 errors, 0 left on base; Scranton WB 8 - Syracuse 11
TOP OF THE 8TH
Scranton WB RailRiders batting - Pitching for Syracuse Chiefs : LHP Shane Phillips
Batting: RHB William Gonzalez 0-0: Called Strike
0-1: SINGLE (Groundball, 4MD, EV 103.1 MPH)
Batting: RHB Jared Brown 0-0: Ball
1-0: Foul Ball, location: 2RF
1-1: Foul Ball, location: 23FF
1-2: Foul Ball, location: 23F
1-2: Foul Ball, location: 23F
1-2: Ball
2-2: Foul Ball, location: 2F
2-2: SINGLE (Line Drive, 9LS, EV 103.8 MPH)
William Gonzalez to second
Pitching: LHP Alvin Mendez
Batting: SHB Ethan Gavin 0-0: Called Strike
0-1: Ball
1-1: Ball
2-1: Swinging Strike
2-2: Ball
3-2: Fly out, F7 (Flyball, 78D, EV 101.3 MPH)
Batting: LHB Joe Liner 0-0: Ball
1-0: DOUBLE (Line Drive, 89M, EV 93.1 MPH)
William Gonzalez scores
Jared Brown to third
Batting: LHB John Merryman 0-0: Ball
1-0: Ball
2-0: Called Strike
2-1: Foul Ball, location: 7LDF
2-2: Ball
3-2: Fly out, F9 (Flyball, 9S, EV 78.8 MPH)
Pinch Hitting: RHB Jeremy Boland 0-0: Swinging Strike
0-1: Called Strike
0-2: Strikes out looking
Top of the 8th over - 1 run, 3 hits, 0 errors, 2 left on base; Scranton WB 9 - Syracuse 11
BOTTOM OF THE 8TH
Syracuse Chiefs batting - Pitching for Scranton WB RailRiders : LHP Jaylen Cox
Now at SS: Matt Null
Batting: RHB Mike Hoffman 0-0: Ball
1-0: Foul Ball, location: 3F
1-1: Foul Ball, location: 3DF
1-2: Ball
2-2: Ball
3-2: Fly out, F4 (Popup, 34D, EV 73.8 MPH)
Batting: RHB Omar Flores 0-0: Ball
1-0: SOLO HOME RUN (Flyball, 78XD, EV 97.5 MPH), Distance : 389 ft
Batting: RHB Kevin Lyons 0-0: Called Strike
0-1: Ball
1-1: Called Strike
1-2: Ball
2-2: Foul Ball, location: 23FF
2-2: Ground out 4-3 (Groundball, 4, EV 96.9 MPH)
Batting: RHB Jared White 0-0: Ball
1-0: Called Strike
1-1: DOUBLE (Flyball, 7LM, EV 91.9 MPH)
Batting: RHB Juan Balbuena 0-0: Foul Ball, location: 9LSF
0-1: Ball
1-1: Ball
2-1: Ball
3-1: Base on Balls
Batting: RHB David DeMaio 0-0: Foul Ball, location: 5F
0-1: Foul Ball, location: 9LDF
0-2: SINGLE (Line Drive, 56, EV 97.5 MPH)
Jared White to third
Juan Balbuena to second
Runner from 3rd tries for Home, SAFE, throw by LF to home
Batting: RHB Brandon Blankenship 0-0: Ball
1-0: SINGLE (Groundball, 34D, EV 103.8 MPH) - runner OUT being hit by batted ball. (infield hit)
Bottom of the 8th over - 2 runs, 4 hits, 0 errors, 2 left on base; Scranton WB 9 - Syracuse 13
TOP OF THE 9TH
Scranton WB RailRiders batting - Pitching for Syracuse Chiefs : LHP Alvin Mendez
Batting: LHB Jose Berumen 0-0: Called Strike
0-1: Ball
1-1: Ball
2-1: Ground out U3 (Groundball, 34S, EV 62.5 MPH)
Batting: RHB David Shamp 0-0: Called Strike
0-1: Foul Ball, location: 9LSF
0-2: Foul Ball, location: 25FF
0-2: Ball
1-2: Strikes out swinging
Batting: LHB David Adler 0-0: Ball
1-0: Called Strike
1-1: Ball
2-1: Foul Ball, location: 7LDF
2-2: Foul Ball, location: 7LSF
2-2: Foul Ball, location: 2F
2-2: Fly out, F8 (Flyball, 8RXD, EV 101.3 MPH)
Top of the 9th over - 0 runs, 0 hits, 0 errors, 0 left on base; Scranton WB 9 - Syracuse 13
Wednesday, May 8th , 2024 - OOTP Baseball 24.11 Build 85